Map: Ascension to Aiur LE

Players

LiquidMaNa (MaNa)

  • Race: Protoss Protoss
  • League: Master
  • Spawn Location: 5:00

Bly - Winner!

  • Race: Zerg Zerg
  • League: Master
  • Spawn Location: 11:00

Event: HomeStory Cup XV

VOD

Have the link to the VOD?

Description

Time

  • Played on: July 22, 2017, 9:21 a.m.
  • Length: 14:01

All games in this series

Show
View Real Time Build Order
Export as new Build Order

LiquidMaNa Protoss 

Build Orders: 1 Gate Expand, Oracle Opening, Zealot Archon 

Get SALT Encoding   

  12  0:00  Probe (Chrono Boost)  
  13  0:11  Probe (Chrono Boost)  
  14  0:17  Pylon  
  14  0:22  Probe (Chrono Boost)  
  15  0:35  Probe (Chrono Boost)  
  16  0:39  Gateway  
  16  0:45  Probe (Chrono Boost)  
  16  0:47  Assimilator  
  17  0:56  Probe (Chrono Boost)  
  18  1:06  Probe (Chrono Boost)  
  19  1:17  Probe (Chrono Boost)  
  20  1:25  Nexus  
  20  1:34  Cybernetics Core  
  20  1:38  Probe (Chrono Boost)  
  21  1:42  Assimilator  
  21  1:48  Probe (Chrono Boost)  
  21  1:52  Pylon  
  22  1:59  Probe (Chrono Boost)  
  23  2:11  Probe (Chrono Boost), Stalker  
  23  2:12  Warp Gate  
  26  2:21  Probe (Chrono Boost)  
  27  2:32  Probe (Chrono Boost)  
  27  2:36  Stargate  
  28  2:38  Probe (Chrono Boost)  
  28  2:42  Probe (Chrono Boost), Adept  
  32  2:49  Probe (Chrono Boost)  
  33  2:53  Probe (Chrono Boost)  
  34  2:59  Probe (Chrono Boost)  
  34  3:03  Probe (Chrono Boost)  
  35  3:10  Probe (Chrono Boost)  
  35  3:14  Probe (Chrono Boost)  
  35  3:19  Probe (Chrono Boost), Oracle (Chrono Boost)  
  41  3:24  Pylon  
  41  3:25  Probe  
  43  3:29  Probe  
  43  3:34  Gateway  
  42  3:37  Probe  
  42  3:39  Probe  
  42  3:41  Gateway  
  44  3:49  Probe  
  44  3:50  Probe  
  44  3:51  Oracle (Chrono Boost)  
  44  3:52  Assimilator  
  44  3:53  Assimilator  
  49  4:01  Probe, Mothership Core  
  51  4:08  Pylon  
  52  4:14  Nexus  
  52  4:18  Probe  
  52  4:20  Probe  
  54  4:26  Phoenix (Chrono Boost)  
  54  4:30  Forge  
  56  4:33  Twilight Council  
  56  4:34  Probe  
  56  4:35  Probe  
  58  4:40  Pylon  
  58  4:45  Probe  
  58  4:47  Probe  
  58  4:49  Pylon  
  60  4:54  Sentry  
  60  4:56  Protoss Ground Weapons Level 1  
  60  4:57  Probe  
  60  4:59  Probe  
  64  5:04  Charge (Chrono Boost)  
  64  5:06  Robotics Facility  
  64  5:08  Probe  
  64  5:11  Probe  
  66  5:21  Probe  
  67  5:23  Probe  
  67  5:27  Probe  
  68  5:34  Templar Archives  
  69  5:37  Gateway  
  69  5:38  Gateway  
  68  5:43  Probe x2  
  68  5:48  Probe  
  70  5:50  Pylon  
  70  5:54  Gateway  
  70  5:55  Gateway, Warp Prism (Chrono Boost)  
  72  5:58  Probe x2  
  72  6:00  Probe  
  74  6:06  Sentry  
  74  6:10  Probe, High Templar x2  
  81  6:14  Archon  
  81  6:18  Gateway  
  81  6:20  Gateway  
  81  6:21  Probe  
  81  6:22  Probe x2  
  84  6:30  Pylon  
  84  6:34  High Templar  
  84  6:35  Zealot, High Templar  
  84  6:38  Probe x2  
  92  6:40  Pylon, Archon  
  92  6:46  Assimilator  
  92  6:47  Zealot  
  92  6:51  Pylon, Assimilator  
  94  6:55  Zealot  
  96  7:03  Zealot x3  
  102  7:10  Psionic Storm  
  102  7:13  Probe x2  
  102  7:14  Immortal (Chrono Boost), Nexus  
  106  7:17  High Templar  
  89  7:38  Zealot x3, High Templar x2  
  89  7:42  Probe x2  
  101  7:44  Zealot  
  101  7:45  Probe  
  101  7:49  Pylon  
  101  7:50  High Templar  
  106  7:54  Probe, Immortal  
  107  8:00  Robotics Facility  
  111  8:08  Pylon, Photon Cannon  
  111  8:09  Zealot x3  
  111  8:12  Zealot x3  
  123  8:13  Zealot  
  123  8:16  Zealot  
  123  8:23  Protoss Ground Weapons Level 2  
  117  8:28  Immortal  
  119  8:34  Zealot x4  
  119  8:39  Gateway  
  119  8:41  Gateway x2  
  127  8:46  High Templar x2  
  131  8:51  Archon  
  131  8:55  Pylon  
  128  9:10  Zealot x5  
  138  9:18  Zealot  
  138  9:19  Zealot x3  
  138  9:21  Probe  
  138  9:22  Probe x2  
  149  9:26  Immortal (Chrono Boost)  
  149  9:27  Immortal (Chrono Boost)  
  155  9:32  Sentry x3  
  155  9:34  Probe  
  155  9:35  Assimilator  
  155  9:37  Photon Cannon  
  155  9:38  Photon Cannon  
  158  9:45  Pylon  
  158  9:48  Pylon  
  158  9:49  High Templar x2  
  162  9:53  Archon  
  155  10:05  Fleet Beacon  
  153  10:09  Probe x3, Photon Cannon  
  153  10:12  Assimilator  
  150  10:14  Phoenix (Chrono Boost)  
  150  10:16  Stargate  
  148  10:21  Stalker  
  148  10:22  Stalker x2  
  148  10:26  Probe x2  
  148  10:35  Stalker  
  148  10:36  Stalker x4  
  147  10:50  Anion Pulse-Crystals  
  143  11:05  Stalker x3  
  143  11:06  Stalker x2  
  153  11:17  Phoenix (Chrono Boost)  
  152  11:24  Zealot x4  
  152  11:25  Zealot x3  
  132  11:38  Phoenix x2 (Chrono Boost)  
  127  11:41  Mothership Core  
  127  11:43  Assimilator  
  127  11:46  Probe x2, Pylon  
  121  11:58  Probe  
  121  12:00  Phoenix (Chrono Boost)  
  121  12:01  Phoenix (Chrono Boost)  
  113  12:02  Probe  
  113  12:03  Probe  
  111  12:09  Stalker x5  
  111  12:10  Probe  
  111  12:14  Probe  
  111  12:15  Probe  
  115  12:16  Stalker  
  115  12:19  Stalker  
  111  12:25  Probe  
  111  12:26  Probe  
  111  12:27  Probe  
  111  12:28  Phoenix (Chrono Boost)  
  108  12:37  Phoenix (Chrono Boost)  
  109  12:38  Probe  
  102  12:51  Phoenix (Chrono Boost)  
  100  12:58  Phoenix (Chrono Boost)  
  85  13:15  Zealot x7  
  87  13:38  Probe  
  83  13:43  Stalker  
  83  13:44  Stalker x2  
  81  13:49  Probe x2  
Show
View Real Time Build Order
Export as new Build Order

Bly Zerg - Winner!

Build Orders: Hatch First, Muta Ling Bane 

Get SALT Encoding   

  12  0:01  Drone  
  13  0:14  Overlord  
  13  0:18  Drone  
  14  0:33  Drone x2  
  16  0:37  Drone  
  17  0:52  Hatchery  
  17  0:56  Drone  
  17  0:59  Drone  
  17  1:04  Extractor  
  17  1:14  Spawning Pool  
  16  1:18  Drone  
  16  1:21  Drone  
  18  1:33  Drone  
  19  1:41  Overlord  
  19  1:53  Drone  
  20  2:00  Queen  
  22  2:04  Queen, Zergling x4  
  26  2:09  Metabolic Boost  
  26  2:16  Drone x2  
  28  2:28  Drone x2  
  30  2:38  Drone x2  
  30  2:43  Hatchery  
  31  2:49  Overlord  
  31  2:55  Drone  
  31  2:56  Drone  
  33  3:05  Drone  
  34  3:14  Drone x6  
  34  3:19  Queen  
  41  3:20  Queen  
  41  3:24  Overlord  
  43  3:36  Drone  
  43  3:38  Overlord  
  43  3:40  Overlord  
  43  3:46  Drone x6  
  43  3:47  Drone x2  
  51  3:52  Overlord  
  51  3:56  Zergling x2  
  52  4:08  Queen, Overlord  
  52  4:09  Queen  
  54  4:17  Drone x3  
  58  4:26  Drone x3  
  58  4:27  Drone x3  
  58  4:30  Spore Crawler  
  63  4:31  Spore Crawler  
  63  4:32  Spore Crawler, Drone x3  
  63  4:33  Drone x2  
  63  4:37  Overlord  
  66  4:42  Evolution Chamber, Zergling x4  
  67  4:49  Zergling x4  
  67  4:50  Zergling x2  
  67  4:51  Lair  
  70  4:55  Extractor  
  70  4:56  Baneling Nest  
  68  5:01  Drone x2  
  68  5:02  Drone x2  
  68  5:06  Hatchery  
  71  5:09  Drone  
  71  5:10  Drone  
  71  5:12  Overlord  
  73  5:19  Drone x4  
  73  5:20  Drone x3  
  80  5:31  Overlord  
  80  5:34  Drone  
  80  5:35  Drone x3  
  83  5:43  Extractor  
  83  5:44  Extractor  
  83  5:46  Drone x5  
  85  5:51  Extractor, Zerg Melee Weapons Level 1, Overseer  
  84  6:02  Zergling x12  
  87  6:07  Extractor  
  87  6:11  Hydralisk Den  
  85  6:16  Zergling x2  
  85  6:17  Zergling x16  
  85  6:18  Centrifical Hooks  
  94  6:21  Overlord  
  94  6:31  Zergling x14  
  101  6:33  Overlord  
  101  6:40  Muscular Augments, Overlord x2  
  101  6:42  Zergling x14  
  101  6:45  Hatchery  
  106  6:56  Baneling x3  
  106  6:57  Baneling x7  
  106  6:58  Zergling x2  
  106  6:59  Zergling x12  
  112  7:05  Baneling x6  
  109  7:08  Zergling x2  
  109  7:09  Zergling x10  
  109  7:15  Zergling x16  
  120  7:16  Hatchery  
  120  7:17  Baneling x7  
  106  7:35  Drone x8  
  106  7:36  Drone x3  
  109  7:41  Hydralisk  
  109  7:42  Hydralisk x6  
  122  7:45  Extractor, Zerg Melee Weapons Level 2  
  122  7:48  Extractor  
  119  8:05  Zergling x14  
  126  8:06  Spire  
  126  8:08  Spore Crawler  
  126  8:09  Drone  
  126  8:10  Drone x4, Overlord  
  126  8:22  Hydralisk x4  
  126  8:24  Overseer, Overlord x2  
  128  8:32  Drone x9  
  132  8:42  Spine Crawler  
  132  8:43  Spine Crawler  
  130  8:49  Baneling  
  130  8:50  Baneling x14  
  130  8:52  Zergling x14  
  137  8:59  Overlord  
  137  9:01  Overlord  
  134  9:20  Extractor, Infestation Pit, Drone x6  
  134  9:21  Extractor  
  134  9:23  Mutalisk  
  134  9:24  Mutalisk x8  
  155  9:36  Mutalisk x5  
  156  10:08  Hatchery  
  156  10:11  Hydralisk x2  
  156  10:12  Hydralisk x8  
  156  10:13  Hydralisk x2  
  179  10:14  Overlord  
  179  10:22  Overlord  
  176  10:53  Overlord x3  
  176  10:54  Hive  
  176  10:59  Mutalisk x9  
  176  11:00  Mutalisk  
  194  11:18  Zerg Flyer Weapons Level 1  
  190  11:20  Zerg Missile Weapons Level 1  
  142  11:40  Hydralisk x2  
  142  11:41  Hydralisk x11  
  142  11:42  Zergling x42  
  187  11:52  Mutalisk x7  
  195  11:57  Zergling x10  
  195  11:58  Zergling x8  
  196  12:13  Mutalisk x3  
  200  12:16  Adrenal Glands, Overlord  
  200  12:17  Overlord  
  194  12:39  Mutalisk x3  
  200  12:46  Baneling x3  
  200  12:47  Baneling x13  
  194  13:19  Mutalisk x5  
  198  13:33  Ultralisk Cavern  
  178  13:36  Zergling x28  
  178  13:37  Zergling x6  
Tags
 
Add a new tag
Caveats
  • Supply blocks, unpowered buildings, or Contaminate may cause inaccurate times.
  • Supply counts are checked every 10 seconds.